 Dungeon Crawl Stone Soup version 0.26.1-2-gb8aa6d0cf2 (webtiles) character file.

Game seed: 323382374144835977

317 BOMJPIETVODKU the Covered (level 6, 0/48 HPs)
             Began as a Demonspawn Fighter on Feb 15, 2021.
             Slain by Grinder (4 damage)
             ... on level 3 of the Dungeon.
             The game lasted 00:08:59 (4358 turns).

BOMJPIETVODKU the Covered (Demonspawn Fighter)      Turns: 4358, Time: 00:08:59

Health: 0/48       AC: 13    Str: 18    XL:     6   Next: 20%
Magic:  6/6        EV:  5    Int: 10    God:
Gold:   183        SH: 10    Dex: 18    Spells: 5/5 levels left

rFire    . . .     SeeInvis .   y - +0 short sword (venom)
rCold    . . .     Faith    .   c - +0 kite shield
rNeg     . . .     Spirit   .   x - +0 chain mail {rPois}
rPois    +         Reflect  .   g - +0 helmet
rElec    .         Harm     .   j - +0 cloak
rCorr    .         Rampage  .   (no gloves)
Will     .....                  (no boots)
Stlth    ..........             (no amulet)
HPRegen  0.16/turn              f - +6 ring of dexterity
MPRegen  0.10/turn              (no ring)

@: mighty
A: iridescent scales 1
a: no special abilities


You were on level 3 of the Dungeon.
You visited 1 branch of the dungeon, and saw 4 of its levels.

You collected 183 gold pieces.

Inventory:

Hand Weapons
 a - a +0 long sword
 y - a +0 short sword of venom (weapon)
Armour
 b - a +0 scale mail
 c - a +0 kite shield (worn)
 g - a +0 helmet (worn)
 j - a +0 cloak (worn)
 x - a +0 chain mail of poison resistance (worn)
Jewellery
 f - a +6 ring of dexterity (left hand)
 i - an uncursed ring of ice
 z - a cursed ring of attention {unknown}
Wands
 A - a wand of polymorph (12)
Scrolls
 e - 5 scrolls of teleportation {unknown}
 l - a scroll of amnesia {unknown}
 m - 2 scrolls of remove curse {unknown}
 n - a scroll of magic mapping {unknown}
 o - a scroll of noise {unknown}
 t - a scroll of immolation {unknown}
 w - 4 scrolls of identify {unknown}
Potions
 d - a potion of might
 h - a potion of attraction {unknown}
 k - 2 potions of invisibility {unknown}
 p - a potion of magic {unknown}
 q - a potion of brilliance {unknown}
 r - 2 potions of curing {unknown}
 s - 2 potions of flight {unknown}
 u - a potion of ambrosia {unknown}
 v - a potion of cancellation {unknown}


   Skills:
 + Level 3.7 Fighting
 + Level 1.0(2.4) Short Blades
 + Level 3.5(3.6) Long Blades
 + Level 3.9 Armour
 + Level 1.0 Dodging
 + Level 3.7 Shields


You had 5 spell levels left.
You didn't know any spells.
Your spell library was empty.

Dungeon Overview and Level Annotations

Branches:
Dungeon (4/15)
 Temple: D:4-7

Altars:
Nemelex Xobeh

Annotations:
D:3 Grinder


Innate Abilities, Weirdness & Mutations

You are partially covered in iridescent scales. (AC +2)


Message History

Unknown command.
You hit Grinder but do no damage.
Grinder is moderately wounded.
Grinder hits you!
You writhe in agony.
You hit Grinder.
Grinder is heavily wounded.
Grinder gestures at you. Pain shoots through your body!
* * * LOW HITPOINT WARNING * * *
You see here a +0 hand axe.
There is a stone staircase leading up here.
Grinder says, "DUCK!"
Grinder hits you but does no damage.
You climb upwards.
There is a stone staircase leading down, spattered with blood here.
You feel very mighty all of a sudden. Grinder hits you!
* * * LOW HITPOINT WARNING * * *
You writhe in agony.
You die...

........# #.#####.#..###.#
.#####..# #.......#...#.##
.##.....# ############.##
.##.##.########### #.# .##.##.#
#.......# #.# ...#...###.......#
#.# #.###............# #>#
##.#.#####......5# ####.###
##..#####......@# #......#
#.(...##.......# #.##.#.#
##.##.##......<# #.##.#.#
#.##.##.####.## #..).#.#
#.......####.### #..###.#
####.#####.....# #......######
#.#####.....####..).......#
#######.#..............##.##.##.#
#.......#..##.....####.##.##.##.#


You could see Grinder (poisoned).

Vanquished Creatures
  An ogre (D:3)
  A bullfrog zombie (D:2)
  An orc priest (D:3)
  7 adders (D:2)
  3 gnolls (D:3)
  An ufetubus (D:2)
  An ooze (D:2)
  A dart slug (D:1)
  2 leopard geckos
  6 orcs
  6 bats
  4 giant cockroaches
  A goblin (D:2)
  6 hobgoblins
  8 jackals (D:2)
  7 kobolds
  2 quokkas (D:2)
  2 frilled lizards
  9 rats
69 creatures vanquished.

Vanquished Creatures (others)
  6 plants (D:2)
6 creatures vanquished.

Grand Total: 75 creatures vanquished

Notes
Turn   | Place    | Note
-------+----------+-------------------------------------------
     0 | D:1      | BOMJPIETVODKU the Demonspawn Fighter began the quest for
                  | the Orb.
     0 | D:1      | Reached XP level 1. HP: 18/18 MP: 1/1
   607 | D:1      | Gained mutation: You are partially covered in iridescent
                  | scales. (AC +2) [demonic ancestry]
   607 | D:1      | Reached XP level 2. HP: 24/24 MP: 2/2
  1517 | D:2      | Reached XP level 3. HP: 27/29 MP: 3/3
  1581 | D:2      | Reached XP level 4. HP: 35/35 MP: 4/4
  2324 | D:2      | Reached XP level 5. HP: 36/41 MP: 5/5
  2632 | D:2      | Found a sparkling altar of Nemelex Xobeh.
  2852 | D:3      | Found a faded altar of an unknown god.
  3583 | D:4      | Noticed an ogre
  3624 | D:4      | Noticed Grinder
  3635 | D:4      | Paralysed by Grinder for 4 turns
  3650 | D:4      | Noticed an ogre
  3676 | D:3      | Killed an ogre
  3677 | D:3      | Reached skill level 1 in Short Blades
  3677 | D:3      | Reached skill level 1 in Dodging
  3677 | D:3      | Reached XP level 6. HP: 15/48 MP: 6/6
  3984 | D:4      | Paralysed by Grinder for 7 turns
  4339 | D:4      | Paralysed by Grinder for 7 turns
  4348 | D:4      | Paralysed by Grinder for 2 turns
  4358 | D:3      | Slain by Grinder

Illustrated notes

Levels and vault maps discovered:
D:1:      minmay_arrival_doors, layout_basic, kennysheep_doodads,
          chequers_serial_rivers_room_a
D:2:      kb_forest_paths, layout_rooms, serial_forest,
          infiniplex_forest_clump_medium, infiniplex_forest_lined_room_2,
          infiniplex_forest_lined_3_way, infiniplex_forest_zigzag_1,
          infiniplex_forest_lined_2, infiniplex_forest_lined_1,
          infiniplex_forest_pool, nemelex_dance_club_becter
D:3:      layout_loops_cross, chequers_ecumenical_altar_island
D:4:      layout_cave_pools, uniq_grinder

Skill      XL: |  1  2  3  4  5 |
---------------+----------------+-----
Armour         | 3 |  3.9
Long Blades    | 2 3 |  3.5
Shields        | 3 |  3.7
Short Blades   | 1 |  1.0
Dodging        | 1 |  1.0
Fighting       | |  3.7

Action                   |  1- 3 |  4- 6 || total
-------------------------+-------+-------++-------
Melee: Long sword        |    61 |   129 ||   190
       Short sword       |       |    82 ||    82
  Use: Potion            |       |     1 ||     1
Armor: Scale mail        |    22 |    91 ||   113
       Chain mail        |       |    49 ||    49
Dodge: Dodged            |    26 |    64 ||    90
Block: Kite shield       |    36 |   130 ||   166
       Rpst.: Long sword |    10 |    14 ||    24
